AoeStats
← Flight of the Shoes

MegaRandom

509506223Analyzed
3v3 RM · 4d ago on Sep 27, 2026· 48m 28s· 6 players
Game mode
Random Map
Map size
Normal (6 player)
Population
200
Speed
Normal
Resources
Standard
Victory
Conquest
Starting age
Dark Age
Ending age
Imperial Age
RankedLock teamsTeams togetherTeam positionsShared explorationLock speedFull tech treeHidden civsTurbo modeCheats
Victory
Defeat
🇦🇺 Danes · Australia
945
+16
🇺🇸 Saxons · United States
943
+16
🇧🇷 Varangians · Brazil
886
+20
🇺🇸 Portuguese · United States
977
-18
🇺🇸 Saracens · United States
940
-17
🇺🇸 Celts · United States
936
-17
Clarkey912
10:18 Feudal Age
8:34 Loom
11:02 Man-at-Arms
20:39 Castle Age
21:08 Scale Mail Armor
20:59 Fletching
21:20 Forging
21:12 Padded Archer Armor
21:53 Gambesons
22:10 Squires
22:16 Double-Bit Axe
22:45 Elite Skirmisher
23:47 Chain Mail Armor
24:13 Horse Collar
25:15 Caravan
25:59 Bodkin Arrow
35:46 Bow Saw
39:19 Imperial Age
39:58 Wheelbarrow
39:10 Town Watch
40:30 Elite Varangian Guard
42:43 Onager
45:03 Conscription
44:06 Hamask
46:17 Hand Cart
46:45 Scale Barding Armor
47:13 Plate Mail Armor
47:18 Iron Casting
CanineSteak5198
0:34 Loom
12:19 Feudal Age
13:27 Double-Bit Axe
19:31 Castle Age
17:52 Horse Collar
19:50 Pikeman
23:28 Stone Mining
24:06 Town Watch
26:12 Wheelbarrow
27:29 Gold Mining
28:15 Fletching
28:50 Hand Cart
28:45 Heavy Plow
29:03 Fishing Lines
32:35 Imperial Age
30:55 Town Patrol
31:25 Bow Saw
31:21 Gillnets
31:54 Forging
31:45 Scale Mail Armor
31:49 Squires
33:56 Crop Rotation
34:05 Iron Casting
33:23 Halberdier
35:16 Caravan
35:50 Conscription
36:13 Chain Mail Armor
35:56 Elite Hearth Troop
37:36 Plate Mail Armor
38:13 Gold Shaft Mining
38:09 Padded Archer Armor
37:59 Arson
38:01 Gambesons
37:55 Cranequins
38:47 Bodkin Arrow
39:03 Shield Wall
41:30 Thumb Ring
41:21 Heavy Mounted Crossbowman
42:53 Leather Archer Armor
42:38 Bracer
44:06 Chemistry
44:29 Siege Engineers
44:05 Elite Varangian Guard
45:56 Clerical Recruitment
LucanMeister
5:56 Loom
12:23 Feudal Age
15:58 Double-Bit Axe
18:02 Wheelbarrow
20:48 Castle Age
19:12 Gold Mining
22:34 Scale Barding Armor
22:41 Forging
22:15 Horse Collar
27:42 Heavy Plow
28:51 Bloodlines
36:20 Bow Saw
36:04 Stone Mining
37:13 Hand Cart
38:16 Chain Barding Armor
38:32 Iron Casting
38:10 Caravan
42:24 Imperial Age
41:01 Fletching
41:42 Town Watch
42:30 Elite Jarl
43:33 Conscription
44:45 Crop Rotation
44:55 Plate Barding Armor
45:20 Blast Furnace
Angry Bull Saloon
0:45 Loom
13:22 Feudal Age
13:51 Double-Bit Axe
13:49 Horse Collar
14:37 Man-at-Arms
22:26 Castle Age
21:29 Gold Mining
25:58 Heavy Plow
27:53 Bloodlines
27:56 Forging
27:52 Scale Barding Armor
31:29 Wheelbarrow
32:21 Hand Cart
33:30 Husbandry
34:08 Iron Casting
33:58 Chain Barding Armor
37:38 Imperial Age
36:45 Fishing Lines
37:40 Cavalier
40:31 Blast Furnace
41:41 Plate Barding Armor
41:33 Circumnavigation
44:25 Pikeman
Flight of the Shoes
0:27 Loom
1:36 Loom
11:57 Feudal Age
13:02 Horse Collar
13:11 Double-Bit Axe
22:48 Castle Age
22:40 Fletching
22:51 Padded Archer Armor
23:17 Gold Mining
23:18 Stone Mining
23:20 Crossbowman
24:25 Pikeman
25:06 Squires
25:29 Bodkin Arrow
26:16 Wheelbarrow
28:36 Heavy Plow
28:48 Bow Saw
28:07 Elite Skirmisher
32:57 Gold Shaft Mining
38:12 Imperial Age
39:07 Hand Cart
39:05 Arbalester
40:06 Leather Archer Armor
40:46 Bracer
41:19 Conscription
41:21 Elite Mameluke
42:12 Scale Barding Armor
42:56 Town Watch
Dislocated Shoulder
2:19 Loom
12:42 Feudal Age
14:33 Man-at-Arms
21:33 Gold Mining
21:58 Double-Bit Axe
22:00 Horse Collar
22:50 Double-Bit Axe
24:47 Wheelbarrow
24:01 Double-Bit Axe
27:46 Arson
30:41 Castle Age
32:10 Long Swordsman
36:38 Imperial Age
39:54 Bow Saw
41:26 Stone Mining
Connection lost

Rejoining the realm…

Still unreachable

The connection could not be restored.

Session expired

The server has moved on; the page needs a fresh start.